 Dungeon Crawl Stone Soup version 0.29.1-15-g9cfb28693d (webtiles) character file.

Game seed: 11072695658523444023

2212 Descartes the Protected (level 9, 0/57 HPs)
             Began as a Formicid Earth Elementalist on Mar 26, 2023.
             Was a Believer of Cheibriados.
             Killed by divine providence
             ... invoked by an orc priest
              (11 damage)
             ... on level 7 of the Dungeon.
             The game lasted 00:13:20 (7110 turns).

Descartes the Protected (FoEE)                      Turns: 7110, Time: 00:13:20

Health: 0/57       AC: 13    Str: 21 (22) XL:     9   Next: 61%
Magic:  16/16      EV:  9    Int: 25 (26) God:    Cheibriados [**....]
Gold:   462        SH:  0    Dex: 19      Spells: 10/18 levels left

rFire   . . .      SeeInvis +   e - +1 dagger (holy)
rCold   . . .      Faith    .   (no shield)
rNeg    . . .      Spirit   .   t - +0 chain mail
rPois   .          Reflect  .   (helmet unavailable)
rElec   .          Harm     .   (no cloak)
rCorr   .          Rampage  .   (no gloves)
Will    .....                   B - +0 pair of boots
Stlth   ..........              o - amulet of magic regeneration
HPRegen 0.19/turn               i - +6 ring of intelligence
MPRegen 0.55/turn               (no ring)

@: very slow
A: permanent stasis, dig shafts and tunnels, antennae 3, four strong arms
a: Dig, Shaft Self, Renounce Religion, Bend Time


You were on level 7 of the Dungeon.
You worshipped Cheibriados.
Cheibriados was pleased with you.
You visited 2 branches of the dungeon, and saw 8 of its levels.

You collected 462 gold pieces.

Inventory:

Hand Weapons
 d - a +0 whip
 e - a +1 dagger of holy wrath (weapon)
 r - a +4 great sword
 u - a +4 flail
Missiles
 h - 4 javelins
 m - 4 poisoned darts
Armour
 p - a +1 robe of the Archmagi
 t - a +0 chain mail (worn)
 B - a +0 pair of boots (worn)
Jewellery
 i - a +6 ring of intelligence (left hand)
 o - an amulet of magic regeneration (around neck)
 q - an amulet of faith
Wands
 A - a wand of polymorph (8)
Scrolls
 a - a scroll of noise {unknown}
 c - 3 scrolls of teleportation {unknown}
 g - 5 scrolls of fear {unknown}
 j - a scroll of silence {unknown}
 k - a scroll of poison {unknown}
 l - a scroll of fog {unknown}
 n - 5 scrolls of identify {unknown}
 s - a scroll of amnesia {unknown}
 v - a scroll of blinking {unknown}
 x - 2 scrolls of brand weapon {unknown}
 y - a scroll of vulnerability {unknown}
 z - a scroll of immolation {unknown}
 C - a scroll of enchant armour {unknown}
Potions
 b - 2 potions of magic
 f - a potion of degeneration
 w - a potion of lignification {unknown}


   Skills:
 + Level 11.1 Armour
 - Level 1.7 Dodging
 - Level 2.4 Stealth
 - Level 5.0 Spellcasting
 - Level 1.1 Transmutations
 + Level 6.5 Earth Magic


You had 10 spell levels left.
You knew the following spells:

 Your Spells              Type           Power      Damage    Failure   Level
a - Sandblast             Erth           78%        2d17      3%          1
b - Stone Arrow           Conj/Erth      44%        3d9       36%         3
c - Petrify               Tmut/Erth      25%        N/A       71%         4

Your spell library contained the following spells:

 Spells                   Type           Power      Damage    Failure   Level
 Passwall                 Tmut/Erth      20%        N/A       16%         2
 Freeze                   Ice            24%        1d5       45%         1
 Frozen Ramparts          Ice            12%        1d2       83%         3
 Gell's Gravitas          Tloc           6%         N/A       83%         3
 Summon Guardian Golem    Hex/Summ       6%         N/A       83%         3
 Hailstorm                Conj/Ice       6%         3d4       99%         4
 Fireball                 Conj/Fire      3%         3d4       100%        5
 Iskenderun's Battlesphe  Conj           6%         2d6       100%        5
 Conjure Ball Lightning   Conj/Air       3%         3x3d6     100%        6
 Orb of Destruction       Conj           3%         9d5       100%        7
 Spellforged Servitor     Conj/Summ      3%         N/A       100%        7
 Disjunction              Tloc           3%         N/A       100%        8
 Blink                    Tloc           Unusable   N/A       N/A         2

Dungeon Overview and Level Annotations

Branches:
Dungeon (7/15)             Temple (1/1) D:4

Altars:
Ashenzari
Cheibriados
Elyvilon
Fedhas
Gozag
Hepliaklqana
Kikubaaqudgha
Makhleb
Nemelex Xobeh
Okawaru
Ru
Sif Muna
Trog
Uskayaw
Vehumet
Wu Jian
Xom
Zin

Shops:
D:1 (


Innate Abilities, Weirdness & Mutations

You cannot be hasted, slowed, berserked, paralysed or teleported.
You can dig through walls and to a lower floor.
You have a pair of large antennae on your head. (SInv)
Your four strong arms can wield two-handed weapons with a shield.


Message History

The orc priest mumbles some strange prayers to Beogh against you.
Beogh smites you!
Casting: Sandblast (safe; 3% risk of failure)
Confirm with . or Enter, or press ? or * to list all spells.
Aiming: Sandblast (safe; 3% risk of failure)
Press: ? - help, Shift-Dir - straight line, f - orc
Aim: an orc, wielding a +0 club (84% to hit)
You miscast Sandblast.
You are very lightly contaminated with residual magic.
Nothing appears to happen.
Casting: Sandblast (safe; 3% risk of failure)
Confirm with . or Enter, or press ? or * to list all spells.
Aiming: Sandblast (safe; 3% risk of failure)
Press: ? - help, Shift-Dir - straight line, f/p - orc
Aim: an orc, wielding a +0 club (84% to hit)
The blast of sand hits the orc!!
You kill the orc!
Cheibriados appreciates the change of pace.
The orc wizard points at you and mumbles some strange words.
You are confused.
You bump into the rock wall.
The orc priest begins to cast a cantrip, but forgets the words!
The orc warrior hits you from afar with a +0 halberd!
The orc warrior completely misses you.
You're too confused to move!
The orc warrior hits you from afar with a +0 halberd.
You bump into the rock wall.
The orc priest looks satisfied for a moment.
The orc warrior hits you from afar with a +0 halberd.
Your magical contamination has completely faded away.
You bump into the rock wall.
You feel less confused.
The orc warrior hits you from afar with a +0 halberd!
The orc warrior barely misses you.
The orc warrior hits you from afar with a +0 halberd!
* * * LOW HITPOINT WARNING * * *
The orc warrior barely misses you.
The orc priest calls down the wrath of Beogh upon you.
Beogh smites you!
You die...

..##.# #......#.# .
#.##[# ###......#
.##.##[### ###.#### .
.........# #...# .[.
##..####.# #...#
#####..... #..####)#
#...# #.{.).....
#....##.# #...#
#.###.....
#.##.##)####...####o#
...
.#..............@.o..#
.
.....................#
.####.##.............#
. #.#####)#...#.####
..#.........#.#
.###.###.#...#.# #.
#.#...#[# # ......#.#
........


You could see an orc warrior and an orc priest.

Vanquished Creatures
  2 water moccasins
  An ice beast (D:5)
  4 ogres
  A centaur (D:6)
  2 phantoms
  A gnoll sergeant (D:5)
  A necrophage (D:6)
  2 scorpions (D:5)
  9 wights
  4 howler monkeys
  2 hounds
  A jelly (D:6)
  Jessica (D:2)
  4 iguanas
  3 orc wizards (D:6)
  7 adders
  4 gnolls
  2 white imps
  4 dart slugs
  3 orcs
  8 endoplasms
  3 giant cockroaches
  4 goblins
  10 hobgoblins
  5 jackals (D:2)
  7 kobolds
  A quokka (D:4)
  7 ball pythons
  10 bats
  2 frilled lizards
  6 rats
121 creatures vanquished.

Notes
Turn   | Place    | Note
-------+----------+-------------------------------------------
     0 | D:1      | Descartes the Formicid Earth Elementalist began the quest
                  | for the Orb.
     0 | D:1      | Reached XP level 1. HP: 13/13 MP: 3/3
   412 | D:1      | Reached XP level 2. HP: 19/19 MP: 3/5
   673 | D:1      | Reached skill level 1 in Armour
   848 | D:1      | Found Taom's Antique Weapon Emporium.
  1047 | D:1      | Reached XP level 3. HP: 24/24 MP: 4/6
  1396 | D:2      | Noticed Jessica
  1406 | D:2      | Killed Jessica
  1407 | D:2      | Reached XP level 4. HP: 29/30 MP: 1/8
  1504 | D:2      | Reached skill level 2 in Armour
  2350 | D:3      | Found a faded altar of an unknown god.
  2782 | D:3      | Reached XP level 5. HP: 35/35 MP: 7/10
  3007 | D:4      | Found a glowing silver altar of Zin.
  3012 | D:4      | Found a staircase to the Ecumenical Temple.
  3039 | Temple   | Entered the Ecumenical Temple
  3314 | Temple   | Became a worshipper of Cheibriados the Contemplative
  3408 | D:4      | Found a hazy altar of Hepliaklqana.
  3474 | D:4      | Found a radiant altar of Vehumet.
  3575 | D:4      | Reached skill level 5 in Earth Magic
  3849 | D:5      | Entered Level 5 of the Dungeon
  3851 | D:5      | Noticed an ogre
  3855 | D:5      | Killed an ogre
  3855 | D:5      | Reached * piety under Cheibriados
  3856 | D:5      | Reached skill level 3 in Armour
  3856 | D:5      | Reached XP level 6. HP: 41/41 MP: 9/12
  3871 | D:4      | Reached skill level 4 in Armour
  4149 | D:4      | Reached XP level 7. HP: 46/46 MP: 12/14
  4165 | D:5      | Reached skill level 5 in Armour
  4165 | D:5      | Reached skill level 5 in Spellcasting
  4326 | D:5      | Found a bloodstained altar of Trog.
  4834 | D:5      | Reached skill level 6 in Armour
  4952 | D:5      | Reached skill level 7 in Armour
  4952 | D:5      | Reached XP level 8. HP: 52/52 MP: 13/15
  5260 | D:5      | Learned a level 3 spell: Stone Arrow
  5265 | D:5      | Learned a level 4 spell: Petrify
  5291 | D:6      | Reached skill level 8 in Armour
  5477 | D:6      | Reached ** piety under Cheibriados
  5481 | D:6      | Reached skill level 9 in Armour
  5512 | D:6      | Got the Almanac of the Compass
  5630 | D:6      | Reached XP level 9. HP: 13/57 MP: 12/16
  5988 | D:6      | Reached skill level 10 in Armour
  6142 | D:6      | Found a sacrificial altar of Ru.
  6630 | D:7      | HP: 1/55 [water moccasin (2)]
  6960 | D:7      | Reached skill level 11 in Armour
  7110 | D:7      | Killed from afar by an orc priest

Illustrated notes

Levels and vault maps discovered:
D:1:      psy_arrival_radial01, layout_loops_corners, serial_shops,
          nicolae_shop_behind_doors
D:2:      layout_basic, uniq_jessica
D:3:      layout_basic, shapermc_ecumenical_altar_pompeii
D:4:      layout_basic, mainiacjoe_overflow_surrounded_room, lemuel_round_altar,
          nicolae_overflow_crystal_walls, minmay_temple_entry_overgrown
D:5:      layout_rooms, amcnicky_altar_gilded, chequers_mini_garden
D:6:      layout_loops_cross, nicolae_ru_path_of_blood, serial_rivers,
          chequers_serial_rivers_small_3, chequers_serial_rivers_marsh,
          chequers_serial_rivers_micro_a, chequers_serial_rivers_large_b,
          chequers_serial_rivers_micro_e, chequers_serial_rivers_room_a
D:7:      layout_loops_cross
Temple:   oiseaux_autumnal_temple

Skill      XL: |  1  2  3  4  5  6  7  8  9 |
---------------+----------------------------+-----
Armour         | 1 2 3 4 7 9 11 | 11.1
Earth Magic    | 4 5 6 |  6.5
Spellcasting   | 3 4 5 |  5.0
Dodging        | |  1.7
Stealth        | |  2.4
Transmutations | |  1.1

Action                   |  1- 3 |  4- 6 |  7- 9 || total
-------------------------+-------+-------+-------++-------
Melee: Whip              |     3 |       |       ||     3
       Dagger            |       |     1 |       ||     1
 Cast: Sandblast         |    36 |    77 |   102 ||   215
Invok: Bend Time         |       |       |     1 ||     1
  Use: Potion            |       |       |     3 ||     3
Armor: Robe              |     4 |     2 |     5 ||    11
       Chain mail        |       |       |    31 ||    31
Dodge: Dodged            |     5 |    26 |    51 ||    82
